 Dungeon Crawl Stone Soup version 0.25-a0-1136-gc1285e62ab (webtiles) character file.

Game seed: 14494102321862553742, levelgen mode: deterministic

3217 Masnef the Basher (level 9, -3/97 HPs)
             Began as an Ogre Skald on May 23, 2020.
             Was a Follower of Vehumet.
             Slain by a wight
             ... wielding a cursed +2 mace
              (5 damage)
             ... on level 7 of the Dungeon.
             The game lasted 00:19:13 (10126 turns).

Masnef the Basher (Ogre Skald)                     Turns: 10126, Time: 00:19:14

Health: -3/97      AC:  4    Str: 23    XL:     9   Next: 97%
Magic:  9/17       EV:  9    Int: 17    God:    Vehumet [*.....]
Gold:   462        SH:  0    Dex:  8    Spells: 11/19 levels left

rFire    . . .     SeeInvis .   o - +0 flail
rCold    . . .     Gourm    .   (no shield)
rNeg     . . .     Faith    .   b - +0 robe
rPois    .         Spirit   .   (helmet restricted)
rElec    .         Reflect  .   C - +0 cloak (curse)
rCorr    .         Harm     .   (gloves unavailable)
MR       +....                  (boots unavailable)
Stlth    +.........             (no amulet)
HPRegen  0.26/turn              x - +6 ring of strength
MPRegen  0.15/turn              B - ring of protection from magic

@: very slightly contaminated, very heavily drained
A: large, unfitting armour, tough skin 1
a: Renounce Religion


You were on level 7 of the Dungeon.
You worshipped Vehumet.
Vehumet was aware of your devotion.
You were near starving.

You visited 1 branch of the dungeon, and saw 8 of its levels.
You also visited: Ossuary.

You collected 462 gold pieces.

Inventory:

Hand Weapons
 a - a +0 mace
 o - a +0 flail (weapon)
 y - a +0 giant spiked club
Missiles
 c - 100 arrows
 g - 5 large rocks (quivered)
 k - 3 javelins
 s - a throwing net
 w - 5 silver javelins
Armour
 b - a +0 robe (worn)
 t - a +0 cloak
 C - a cursed +0 cloak (worn)
Jewellery
 x - a +6 ring of strength (left hand)
 B - a ring of protection from magic (right hand)
Wands
 q - a wand of flame (38)
 A - a wand of iceblast (5)
 G - a wand of paralysis (11)
Scrolls
 e - 2 scrolls of noise {unknown}
 f - a scroll of blinking {unknown}
 h - 2 scrolls of magic mapping {unknown}
 j - 6 scrolls of immolation {unknown}
 l - a scroll of enchant armour {unknown}
 m - a scroll of amnesia
 n - 2 scrolls of remove curse {unknown}
 p - a scroll of enchant weapon {unknown}
 r - 3 scrolls of identify {unknown}
 v - a scroll of fog {unknown}
 F - a scroll of fear {unknown}
Potions
 i - 5 potions of curing
 u - a potion of stabbing {unknown}
 z - 2 potions of ambrosia {unknown}
 D - a potion of flight {unknown}
 E - a potion of magic {unknown}
Comestibles
 d - 6 rations


   Skills:
 + Level 8.3(3.0) Fighting
 * Level 10.4(4.8) Maces & Flails
 - Level 1.0(0.0) Throwing
 - Level 4.6(0.0) Dodging
 - Level 5.5(0.6) Spellcasting
 - Level 6.5(1.5) Hexes
 - Level 2.7(0.0) Charms


You had 11 spell levels left.
You knew the following spells:

 Your Spells              Type           Power        Failure   Level  Hunger
a - Confusing Touch       Hex            #.......     34%         3    ####...
b - Shroud of Golubria    Chrm/Tloc      #.....       34%         2    ###....
c - Ozocubu's Armour      Chrm/Ice       #.......     56%         3    ####...

Your spell library contained the following spells:

 Spells                   Type           Power        Failure   Level  Hunger
 Foxfire                  Conj/Fire      #...         22%         1    ##.....
 Infusion                 Chrm           #...         22%         1    ##.....
 Song of Slaying          Chrm           #.......     34%         2    ###....
 Spectral Weapon          Hex/Chrm       #.......     43%         3    ####...
 Gell's Gravitas          Tloc           #.........   56%         3    ####...
 Petrify                  Tmut/Erth      #.......     92%         4    #####..
 Metabolic Englaciation   Hex/Ice        #.........   99%         5    ######.
 Yara's Violent Unravell  Hex/Tmut       #.........   99%         5    ######.


Dungeon Overview and Level Annotations

Branches:
Dungeon (8/15)             Temple (0/1) D:5         Ossuary (visited)
   Lair: D:8-11

Altars:
Dithmenos
Kikubaaqudgha
Okawaru
Trog
Vehumet
Xom
The Shining One

Shops:
D:6 [   D:7 (

Annotations:
D:3 2 transporters


Innate Abilities, Weirdness & Mutations

You are too large for most types of armour.
You have tough skin. (AC +1)


Message History

You feel drained.
* * * LOW HITPOINT WARNING * * *
Casting: Confusing Touch (dangerous; 26% risk of failure)
Confirm with . or Enter, or press ? or * to list all spells.
Your hands begin to glow red.
You are near starving!
The wight hits you with a cursed +2 mace!
* * * LOW HITPOINT WARNING * * *
You feel drained.
* * * LOW HITPOINT WARNING * * *
You barely miss the wight.
The wight is heavily damaged.
You hit the wight but do no damage.
The wight appears confused.
The wight is heavily damaged.
You hit the wight.
The wight is severely damaged.
The wight hits you with a cursed +2 mace!
* * * LOW HITPOINT WARNING * * *
You feel drained.
You die...

.########..# #..# #.#.# ###.#.#..
...........# #..# #.#.#####......
.....####.####..###.#............
.....# #........................
.....# ######..###.###########.#
.....# #..# #.# #.#
.....##########.###.# #.#
.............[..z.#.###########.#
................@.............#.#
.....##########>#.#.#########.#..
#..### #.#.#.#######.#.### #..#
#.#.#.......#......
#..############.#.#.......#.#.###
#.................#.......#.#'##
#..##.).........#.#............#
#...+.).........#.##......##...##
#...#............................


You could see a wight (confused).

Vanquished Creatures
  The ghost of Shaidar the Shield-Bearer, a novice GnFi of Dithmenos (D:3)
  Grinder (D:3)
  A water moccasin (D:7)
  An orc warrior (D:7)
  A black bear (D:8)
  2 ogres
  2 centaurs (D:6)
  2 bullfrogs (D:7)
  An elf zombie (Ossuary)
  A water moccasin skeleton (D:8)
  3 howler monkeys
  3 wights (D:8)
  A bullfrog zombie (D:6)
  2 crimson imps
  A centaur zombie (Ossuary)
  A jelly (D:7)
  2 hounds
  3 human zombies (Ossuary)
  Crazy Yiuf (D:2)
  3 orc wizards
  A centaur skeleton (D:7)
  4 worker ants
  A hound zombie (Ossuary)
  A hound skeleton (D:7)
  3 mummies (Ossuary)
  2 howler monkey zombies
  8 gnolls
  7 adders
  A shadow imp (D:5)
  3 oozes
  3 adder zombies
  A worm (D:2)
  2 dart slugs
  2 leopard geckos
  10 orcs
  6 ball pythons
  10 bats
  4 giant cockroaches
  9 hobgoblins
  5 jackals (D:2)
  4 quokkas
  5 frilled lizards
  2 gnoll zombies (Ossuary)
  11 goblins
  3 goblin zombies (Ossuary)
  2 hobgoblin zombies (Ossuary)
  4 jackal zombies (Ossuary)
  11 kobolds
  5 kobold zombies (Ossuary)
  2 orc zombies (Ossuary)
  2 quokka zombies (Ossuary)
  8 rats
  6 rat zombies (Ossuary)
181 creatures vanquished.

Notes
Turn   | Place    | Note
-------+----------+-------------------------------------------
     0 | D:1      | Masnef the Ogre Skald began the quest for the Orb.
     0 | D:1      | Reached XP level 1. HP: 22/22 MP: 3/3
    88 | D:1      | Reached skill level 2 in Maces & Flails
   147 | D:1      | Reached XP level 2. HP: 23/29 MP: 5/5
   590 | D:1      | Reached skill level 3 in Maces & Flails
   590 | D:1      | Reached XP level 3. HP: 25/36 MP: 6/6
  1164 | D:2      | Learned a level 2 spell: Shroud of Golubria
  1523 | D:2      | Reached XP level 4. HP: 35/44 MP: 7/7
  1783 | D:2      | Learned a level 3 spell: Confusing Touch
  1821 | D:2      | Reached skill level 1 in Throwing
  2120 | D:2      | Reached skill level 4 in Maces & Flails
  2338 | D:2      | Reached XP level 5. HP: 50/53 MP: 8/8
  2856 | D:2      | Found a runed translucent door.
  2857 | D:2      | Noticed Crazy Yiuf
  3021 | D:2      | Killed Crazy Yiuf
  3021 | D:2      | Reached skill level 1 in Hexes
  3197 | D:3      | Found a transporter.
  3199 | D:3      | Found a transporter.
  3480 | D:3      | Noticed Grinder
  3481 | D:3      | Paralysed by Grinder for 7 turns
  3503 | D:3      | Paralysed by Grinder for 5 turns
  3516 | D:3      | HP: 3/79 [Grinder (3)]
  3522 | D:3      | Killed Grinder
  3522 | D:3      | Reached skill level 5 in Maces & Flails
  3522 | D:3      | Reached XP level 6. HP: 5/62 MP: 6/9
  4231 | D:4      | Found a sand-covered staircase.
  4239 | Ossuary  | Entered an ossuary
  4278 | Ossuary  | Reached XP level 7. HP: 45/68 MP: 10/10
  4558 | Ossuary  | Reached skill level 6 in Maces & Flails
  5404 | D:4      | Found a runed translucent door.
  5405 | D:4      | Noticed Shaidar's ghost (novice GnFi)
  5458 | D:3      | Reached skill level 9 in Maces & Flails
  5458 | D:3      | Reached skill level 5 in Spellcasting
  5458 | D:3      | Reached XP level 8. HP: 38/87 MP: 3/16
  5481 | D:3      | Killed Shaidar's ghost
  5481 | D:3      | Reached XP level 9. HP: 9/94 MP: 6/17
  5826 | D:3      | Learned a level 3 spell: Ozocubu's Armour
  5992 | D:4      | Found a radiant altar of Vehumet.
  6000 | D:4      | Became a worshipper of Vehumet
  6148 | D:4      | Found a shimmering altar of Xom.
  6199 | D:4      | Found a bloodstained altar of Trog.
  6200 | D:4      | Found an iron altar of Okawaru.
  6315 | D:5      | Entered Level 5 of the Dungeon
  6466 | D:5      | Found a staircase to the Ecumenical Temple.
  6652 | D:5      | Found a shadowy altar of Dithmenos.
  7260 | D:6      | Found Hurchaego's Armour Shop.
  7704 | D:6      | Found an ancient bone altar of Kikubaaqudgha.
  7858 | D:6      | Found a glowing golden altar of the Shining One.
  8040 | D:7      | Reached skill level 10 in Maces & Flails
  8156 | D:7      | Reached * piety under Vehumet
  8156 | D:7      | Offered knowledge of Foxfire by Vehumet.
  8686 | D:7      | Found Teugats's Antique Weapon Shoppe.
 10126 | D:7      | HP: 2/97 [wight/cursed +2 mace (11)]
 10126 | D:7      | Slain by a wight

Illustrated notes

Levels and vault maps discovered:
D:1:      scummos_arrival_simple_fountains, layout_rooms, hex_tiny
D:2:      layout_basic, st_stairs_10, uniq_crazy_yiuf_cottage
D:3:      gammafunk_wand_slinger, layout_rooms, first_ration, hex_large,
          kennysheep_potato, uniq_grinder
D:4:      layout_rooms, grunt_temple_overflow_bloody_war, kennysheep_mini_moat,
          enter_ossuary_3, ebering_ghost_reflecting_pool,
          hangedman_decor_clover_reticule, vehumet_altar_wand_db
D:5:      layout_cave_pools, nicolae_dithmenos_through_a_glass_darkly,
          minmay_temple_entry_water_ring
D:6:      layout_basic, nicolae_overflow_crystal_walls, marbit_many_paths,
          serial_shops, nicolae_shop_statue_plus
D:7:      layout_basic, serial_shops, shop
D:8:      layout_loops_ring, led_sif_pool, basic_altar

Skill      XL: |  1  2  3  4  5  6  7  8  9 |
---------------+----------------------------+-----
Maces & Flails | 2 3 4 5 9 10 | 10.4
Fighting       | 3 7 8 |  8.3
Throwing       | 1 |  1.0
Hexes          | 1 6 |  6.5
Dodging        | 4 |  4.6
Spellcasting   | 5 |  5.5
Charms         | |  2.7

Action                   |  1- 3 |  4- 6 |  7- 9 || total
-------------------------+-------+-------+-------++-------
Melee: Mace              |   115 |    97 |       ||   212
       Flail             |       |   109 |   437 ||   546
Throw: Large rock        |       |       |     1 ||     1
 Cast: Infusion          |     2 |     9 |     8 ||    19
       Shroud of Golubri |     1 |     5 |    13 ||    19
       Confusing Touch   |       |     2 |    14 ||    16
       Ozocubu's Armour  |       |       |     2 ||     2
  Use: Potion            |       |     6 |     2 ||     8
       Scroll            |       |       |     1 ||     1
 Stab: Confused          |       |       |     6 ||     6
  Eat: Chunk             |     2 |     6 |    10 ||    18
       Ration            |       |     1 |     3 ||     4
Armor: Robe              |    35 |    83 |   103 ||   221
       Skin              |       |    12 |       ||    12
Dodge: Dodged            |    84 |   136 |   262 ||   482

Table legend:
 A = Non-vault XP
 B = Vault XP
 C = Vault XP percentage of total XP
 D = Non-vault monster count
 E = Vault monster count
 F = Vault count percentage of total count
                 A         B        C        D         E       F
            +---------+---------+-------+---------+---------+-------
      Total |    2374 |    1196 |  33.5 |     133 |      48 |  26.5
            +---------+---------+-------+---------+---------+-------
        D:1 |      88 |       0 |   0.0 |      34 |       0 |   0.0
        D:2 |     119 |      55 |  31.6 |      31 |       3 |   8.8
        D:3 |      72 |     715 |  90.9 |      12 |       5 |  29.4
        D:4 |     218 |       5 |   2.2 |       5 |       2 |  28.6
        D:5 |     237 |       0 |   0.0 |      13 |       0 |   0.0
        D:6 |     526 |      49 |   8.5 |      13 |       1 |   7.1
        D:7 |     607 |       0 |   0.0 |      15 |       0 |   0.0
        D:8 |     507 |       0 |   0.0 |      10 |       0 |   0.0
    Ossuary |       0 |     372 | 100.0 |       0 |      37 | 100.0
            +---------+---------+-------+---------+---------+-------
